 Dungeon Crawl Stone Soup version 0.28.0-45-g0d030f2227 (webtiles) character file.

Game seed: 15719867825418555382

2429 croobank the Shield-Bearer (level 9, -7/74 HPs)
             Began as a Gnoll Fighter on Apr 12, 2022.
             Was an Initiate of Gozag.
             Mangled by a red ugly thing (13 damage)
             ... on level 10 of the Dungeon.
             The game lasted 00:20:08 (6960 turns).

croobank the Shield-Bearer (Gnoll Fighter)          Turns: 6960, Time: 00:20:10

Health: -7/74      AC:  9    Str: 19 (20) XL:     9   Next: 48%
Magic:  0/15       EV: 15    Int: 12 (13) God:    Gozag
Gold:   354        SH:  5    Dex: 11 (12) Spells: 16/16 levels left

rFire   . . .      SeeInvis .   a - +3 war axe
rCold   . . .      Faith    .   c - +0 buckler
rNeg    . . .      Spirit   +   b - +0 scale mail
rPois   .          Reflect  .   x - +0 helmet
rElec   .          Harm     .   (no cloak)
rCorr   .          Rampage  .   (no gloves)
Will    .....                   (no boots)
Stlth   +.........              l - amulet of guardian spirit
HPRegen 0.22/turn               f - +4 ring of evasion
MPRegen 0.14/turn               F - +6 ring of intelligence

@: no status effects
A: fangs 1, strong nose, distributed training, deterioration 1
a: Renounce Religion, Potion Petition, Call Merchant, Bribe Branch


You were on level 10 of the Dungeon.
You worshipped Gozag.
Gozag was aware of your devotion.
You visited 2 branches of the dungeon, and saw 9 of its levels.
You also visited: Sewer and Ossuary.

You collected 473 gold pieces.
You paid 119 gold pieces to Gozag.

Inventory:

Hand Weapons
 a - a +3 war axe (weapon)
 d - a +0 mace of holy wrath
 t - a +2 dagger of flaming
 w - a +1 flail of draining
Missiles
 e - 160 arrows
 g - 211 stones
 k - 24 sling bullets
 v - 2 atropa-tipped darts (quivered)
 E - 3 javelins
Armour
 b - a +0 scale mail (worn)
 c - a +0 buckler (worn)
 x - a +0 helmet (worn)
Jewellery
 f - a +4 ring of evasion (left hand)
 l - an amulet of guardian spirit (around neck)
 F - a +6 ring of intelligence (right hand)
Wands
 j - a wand of iceblast (2)
 s - a wand of digging (6)
 B - a wand of paralysis (1)
Scrolls
 m - 7 scrolls of blinking
 r - 7 scrolls of teleportation
 u - a scroll of identify
 z - a scroll of immolation
Potions
 h - a potion of heal wounds
 i - a potion of invisibility
 n - 3 potions of lignification
 o - a potion of ambrosia
 p - a potion of berserk rage
 q - a potion of curing
 A - a potion of flight
 C - a potion of magic
 D - 2 potions of cancellation {unknown}
 G - 2 potions of haste {unknown}


   Skills:
 + Level 7.9 Fighting
 + Level 4.3 Short Blades
 + Level 4.3 Long Blades
 + Level 6.3 Axes
 + Level 4.3 Maces & Flails
 + Level 4.3 Polearms
 + Level 4.3 Staves
 + Level 4.3 Slings
 + Level 4.3 Bows
 + Level 4.3 Crossbows
 + Level 4.3 Throwing
 + Level 7.9 Armour
 + Level 4.3 Dodging
 + Level 4.3 Stealth
 + Level 7.9 Shields
 + Level 4.3 Unarmed Combat
 + Level 4.3 Spellcasting
 + Level 3.5 Conjurations
 + Level 3.5 Hexes
 + Level 3.5 Summonings
 + Level 3.5 Necromancy
 + Level 3.5 Translocations
 + Level 3.5 Transmutations
 + Level 3.5 Fire Magic
 + Level 3.5 Ice Magic
 + Level 3.5 Air Magic
 + Level 3.5 Earth Magic
 + Level 3.5 Poison Magic
 + Level 4.7 Invocations
 + Level 4.3 Evocations


You had 16 spell levels left.
You didn't know any spells.
Your spell library contained the following spells:

 Spells                   Type           Power      Damage    Failure   Level
 Animate Armour           Summ/Erth      22%        N/A       85%         4
 Blade Hands              Tmut           5%         N/A       99%         5
 Iron Shot                Conj/Erth      5%         9d2       100%        6


Dungeon Overview and Level Annotations

Branches:
Dungeon (7/15)             Temple (1/1) D:6           Sewer (visited)
Ossuary (visited)

Altars:
Ashenzari
Gozag
Vehumet
Xom
The Shining One

Shops:
D:4 (

Annotations:
D:4 1 runed translucent door, dianekeaton's ghost, amateur MiBe


Innate Abilities, Weirdness & Mutations

You have very sharp teeth.
Your uncanny sense of smell can sniff out nearby items.
Your experience applies equally to all skills.
Your body sometimes deteriorates upon taking damage.


Message History

The red ugly thing misses you.
The red ugly thing punches you but does no damage.
Unknown command.
You slash the red ugly thing!
You bite the red ugly thing, but do no damage.
The red ugly thing is heavily wounded.
The red ugly thing barely misses you.
You closely miss the red ugly thing.
The red ugly thing is heavily wounded.
The red ugly thing punches you but does no damage.
Unknown command.
You barely miss the red ugly thing.
The red ugly thing is heavily wounded.
The red ugly thing punches you.
You are engulfed in flames!!
Your body deteriorates!
You feel weakened.
You hit the red ugly thing but do no damage.
The red ugly thing is heavily wounded.
The red ugly thing closely misses you.
Unknown command.
You slash the red ugly thing!
You bite the red ugly thing, but do no damage.
The red ugly thing is severely wounded.
The red ugly thing punches you.
You are engulfed in flames!
Your body deteriorates!
You feel clumsy.
The red ugly thing punches you but does no damage.
You hit the red ugly thing.
The red ugly thing is severely wounded.
The red ugly thing punches you.
You are engulfed in flames!
Your body deteriorates!
You feel dopey.
You slash the red ugly thing!
The red ugly thing is almost dead.
The red ugly thing punches you!
You are engulfed in flames!
* * * LOW HITPOINT WARNING * * *
You closely miss the red ugly thing.
The red ugly thing is almost dead.
The red ugly thing punches you!
* * * LOW HITPOINT WARNING * * *
You are engulfed in flames!
You die...
Your body crumbles into a pile of gold.

#.#.# #.# #.#.#
#.####.#####. #.#.#
#......^.....# #####
#.#.########..####..> ...#
#......#####..# ##.##
###.##........#
##.#####...##.
#.########.##
.....#........ #.#
#.###.#.#.#.#..u### #.#
#.@u........##.## #.#
#####.#.#.u. #.# #.# .....
#.# #.# #.##..##.#
#.############ #........#
#............# ####..####
#........###.## #..
######............... ....
#................[.######.


You could see a red ugly thing.

Vanquished Creatures
  A centaur zombie (D:10)
  Grinder (D:3)
  A wyvern (D:6)
  Edmund (D:6)
  An acid dragon (D:10)
  Duvessa (D:4)
  2 ice beasts
  A black bear (D:5)
  An ogre (D:4)
  An elf zombie (Ossuary)
  2 bullfrogs (Sewer)
  Dowan (D:4)
  A wyvern skeleton (D:7)
  A human zombie (Ossuary)
  3 hounds
  2 orc priests
  A centaur skeleton (D:5)
  2 iguanas
  A scorpion zombie (D:5)
  3 orc wizards
  A hound zombie (Ossuary)
  4 mummies (Ossuary)
  A howler monkey zombie (D:5)
  16 adders
  A river rat (D:3)
  2 white imps
  An ufetubus (D:5)
  An adder skeleton (D:4)
  2 adder zombies (Ossuary)
  2 worms (D:2)
  4 dart slugs
  12 orcs
  13 endoplasms
  14 giant cockroaches
  2 gnoll zombies (Ossuary)
  8 goblins
  3 hobgoblins
  15 jackals
  4 kobolds
  4 quokkas (Sewer)
  9 ball pythons
  7 bats
  10 frilled lizards
  A hobgoblin zombie (Ossuary)
  2 jackal zombies (Ossuary)
  A kobold zombie (Ossuary)
  8 rats
  A rat zombie (Ossuary)
177 creatures vanquished.

Vanquished Creatures (others)
  4 plants (D:3)
4 creatures vanquished.

Grand Total: 181 creatures vanquished

Notes
Turn   | Place    | Note
-------+----------+-------------------------------------------
     0 | D:1      | croobank the Gnoll Fighter began the quest for the Orb.
     0 | D:1      | Reached XP level 1. HP: 23/23 MP: 1/1
    79 | D:1      | Found a faded altar of an unknown god.
    94 | D:1      | Reached XP level 2. HP: 25/29 MP: 2/2
   323 | D:1      | Reached XP level 3. HP: 35/35 MP: 3/3
   698 | D:1      | Gained mutation: Your body sometimes deteriorates upon
                  | taking damage. [potion of mutation]
   727 | D:2      | Reached skill level 1 in Invocations
   802 | D:2      | Reached skill level 1 in Short Blades
   802 | D:2      | Reached skill level 1 in Long Blades
   802 | D:2      | Reached skill level 1 in Maces & Flails
   802 | D:2      | Reached skill level 1 in Polearms
   802 | D:2      | Reached skill level 1 in Staves
   802 | D:2      | Reached skill level 1 in Slings
   802 | D:2      | Reached skill level 1 in Bows
   802 | D:2      | Reached skill level 1 in Crossbows
   802 | D:2      | Reached skill level 1 in Throwing
   802 | D:2      | Reached skill level 1 in Dodging
   802 | D:2      | Reached skill level 1 in Stealth
   802 | D:2      | Reached skill level 1 in Unarmed Combat
   802 | D:2      | Reached skill level 1 in Spellcasting
   802 | D:2      | Reached skill level 1 in Evocations
   811 | D:2      | Reached XP level 4. HP: 39/41 MP: 5/5
  1073 | D:2      | Found a broken altar of Ashenzari.
  1190 | D:2      | Reached skill level 1 in Conjurations
  1190 | D:2      | Reached skill level 1 in Hexes
  1190 | D:2      | Reached skill level 1 in Summonings
  1190 | D:2      | Reached skill level 1 in Necromancy
  1190 | D:2      | Reached skill level 1 in Translocations
  1190 | D:2      | Reached skill level 1 in Transmutations
  1190 | D:2      | Reached skill level 1 in Fire Magic
  1190 | D:2      | Reached skill level 1 in Ice Magic
  1190 | D:2      | Reached skill level 1 in Air Magic
  1190 | D:2      | Reached skill level 1 in Earth Magic
  1190 | D:2      | Reached skill level 1 in Poison Magic
  1646 | D:3      | Reached XP level 5. HP: 13/47 MP: 5/7
  1895 | D:3      | Found a glowing drain.
  1953 | Sewer    | Entered a sewer
  2253 | Sewer    | Reached XP level 6. HP: 53/53 MP: 8/8
  2297 | Sewer    | Reached skill level 5 in Axes
  3193 | D:3      | Noticed Grinder
  3258 | D:3      | Paralysed by Grinder for 2 turns
  3272 | D:3      | Killed Grinder
  3273 | D:3      | Reached XP level 7. HP: 15/60 MP: 10/10
  3534 | D:4      | Found Seker's Weapon Shoppe.
  3551 | D:4      | Found a runed translucent door.
  3554 | D:4      | Noticed dianekeaton's ghost (amateur MiBe)
  3734 | D:4      | Noticed Duvessa
  3735 | D:4      | Noticed Dowan
  3754 | D:4      | Killed Dowan
  3762 | D:4      | Killed Duvessa
  3763 | D:4      | Reached XP level 8. HP: 22/67 MP: 12/12
  4517 | D:4      | Found a radiant altar of Vehumet.
  4780 | D:5      | Entered Level 5 of the Dungeon
  5130 | D:5      | Found a sand-covered staircase.
  5140 | Ossuary  | Entered an ossuary
  5889 | D:6      | Noticed a wyvern
  5896 | D:6      | Killed a wyvern
  5897 | D:6      | Reached XP level 9. HP: 57/72 MP: 14/14
  6016 | D:6      | Noticed Edmund
  6030 | D:6      | Killed Edmund
  6096 | D:6      | Found a staircase to the Ecumenical Temple.
  6109 | Temple   | Entered the Ecumenical Temple
  6133 | Temple   | Became a worshipper of Gozag Ym Sagoz the Greedy
  6679 | D:7      | You fall into a shaft and drop 3 floors!
  6679 | D:10     | Entered Level 10 of the Dungeon
  6720 | D:10     | Noticed a red ugly thing
  6960 | D:10     | Mangled by a red ugly thing

Illustrated notes

Levels and vault maps discovered:
D:1:      matt_arrival_grand_opening, layout_basic,
          ebering_ecumenical_altar_webs, minmay_pentomino_z4
D:2:      layout_loops_ring, basic_altar, minmay_circle_x
D:3:      layout_loops_ring, portal_sewer_entry_a, chequers_mini_garden,
          serial_bayou_lagoon_a, minmay_pentangle, uniq_grinder
D:4:      layout_cave_pools, mainiacjoe_overflow_tiny_flanked, serial_shops,
          shop, hellmonk_ghost_happy_afterlife, uniq_duvessa
D:5:      layout_rooms, enter_ossuary_2
D:6:      layout_loops_cross, minmay_temple_entry_grid, uniq_edmund
D:7:      layout_cave_pools
D:10:     layout_loops_ring
Temple:   mainiacjoe_temple_archimedes_tessellation

Skill      XL: |  1  2  3  4  5  6  7  8  9 |
---------------+----------------------------+-----
Invocations    | 1 2 3 4 |  4.7
Short Blades   | 1 2 3 4 |  4.3
Long Blades    | 1 2 3 4 |  4.3
Maces & Flails | 1 2 3 4 |  4.3
Polearms       | 1 2 3 4 |  4.3
Staves         | 1 2 3 4 |  4.3
Slings         | 1 2 3 4 |  4.3
Bows           | 1 2 3 4 |  4.3
Crossbows      | 1 2 3 4 |  4.3
Throwing       | 1 2 3 4 |  4.3
Dodging        | 1 2 3 4 |  4.3
Stealth        | 1 2 3 4 |  4.3
Unarmed Combat | 1 2 3 4 |  4.3
Spellcasting   | 1 2 3 4 |  4.3
Evocations     | 1 2 3 4 |  4.3
Conjurations   | 1 2 3 |  3.5
Hexes          | 1 2 3 |  3.5
Summonings     | 1 2 3 |  3.5
Necromancy     | 1 2 3 |  3.5
Translocations | 1 2 3 |  3.5
Transmutations | 1 2 3 |  3.5
Fire Magic     | 1 2 3 |  3.5
Ice Magic      | 1 2 3 |  3.5
Air Magic      | 1 2 3 |  3.5
Earth Magic    | 1 2 3 |  3.5
Poison Magic   | 1 2 3 |  3.5
Axes           | 5 6 |  6.3
Fighting       | 7 |  7.9
Armour         | 7 |  7.9
Shields        | 7 |  7.9

Action                   |  1- 3 |  4- 6 |  7- 9 || total
-------------------------+-------+-------+-------++-------
Melee: War axe           |    75 |   188 |   189 ||   452
       Bite              |     5 |    12 |    29 ||    46
       Mace              |       |       |    62 ||    62
Throw: Dart              |       |       |     7 ||     7
Evoke: Wand              |       |     4 |     4 ||     8
  Use: Scroll            |     3 |     5 |    12 ||    20
       Potion            |     1 |     2 |     2 ||     5
 Stab: Invisible         |       |       |     1 ||     1
       Sleeping          |       |       |     1 ||     1
Armor: Scale mail        |    33 |    63 |   109 ||   205
Dodge: Dodged            |    56 |   129 |   200 ||   385
Block: Buckler           |    41 |    52 |    83 ||   176
